 Dungeon Crawl Stone Soup version 0.28.0 (webtiles) character file.

Game seed: 502007491984244095

277 Dorkslayer the Conjurer (level 6, 0/39 HPs)
             Began as an Octopode Conjurer on Aug 18, 2022.
             Slain by Dowan (3 damage)
             ... on level 4 of the Dungeon.
             The game lasted 00:11:30 (2820 turns).

Dorkslayer the Conjurer (Octopode Conjurer)         Turns: 2820, Time: 00:11:30

Health: 0/39       AC:  4    Str:  8    XL:     6   Next: 25%
Magic:  0/10       EV: 12    Int: 20    God:
Gold:   88         SH:  4    Dex: 11    Spells: 8/11 levels left

rFire   . . .      SeeInvis .   g - +0 falchion
rCold   . . .      Faith    .   d - +0 buckler {AC+3}
rNeg    . . .      Spirit   .   (helmet restricted)
rPois   .          Reflect  .   (no amulet)
rElec   .          Harm     .   (no ring)
rCorr   .          Rampage  .   (no ring)
Will    .....                   (no ring)
Stlth   +++.......              (no ring)
HPRegen 0.13/turn               (no ring)
MPRegen 0.12/turn               (no ring)
                                (no ring)
                                (no ring)

@: no status effects
A: almost no armour, amphibious, 8 rings, camouflage 1, gelatinous body 1,
(nimble swimmer 1), tentacles
a: no special abilities


You were on level 4 of the Dungeon.
You visited 2 branches of the dungeon, and saw 5 of its levels.

You collected 88 gold pieces.

Inventory:

Hand Weapons
 g - a +0 falchion (weapon)
Missiles
 c - 7 poisoned darts
 l - 2 boomerangs
Armour
 d - a +0 buckler of protection (worn)
Scrolls
 b - 3 scrolls of identify


   Skills:
 * Level 1.7 Fighting
 + Level 0.2(0.9) Short Blades
 + Level 1.3(1.4) Long Blades
 + Level 2.4 Dodging
 + Level 3.4 Stealth
 * Level 1.7 Shields
 * Level 3.1 Spellcasting
 + Level 5.3 Conjurations


You had 8 spell levels left.
You knew the following spells:

 Your Spells              Type           Power      Damage    Failure   Level
a - Magic Dart            Conj           96%        1d7       1%          1
b - Searing Ray           Conj           48%        2d6       3%          2

Your spell library contained the following spells:

 Spells                   Type           Power      Damage    Failure   Level
 Summon Small Mammal      Summ           12%        N/A       19%         1
 Dazzling Flash           Conj/Hex       26%        N/A       19%         3
 Call Canine Familiar     Summ           3%         N/A       50%         3
 Summon Guardian Golem    Hex/Summ       3%         N/A       50%         3
 Fulminant Prism          Conj/Hex       6%         3d7       52%         4
 Iskenderun's Mystic Bla  Conj/Tloc      13%        2d5       52%         4


Dungeon Overview and Level Annotations

Branches:
Dungeon (4/15)             Temple (1/1) D:4

Altars:
Cheibriados
Dithmenos
Elyvilon
Fedhas
Hepliaklqana
Makhleb
Nemelex Xobeh
Qazlal
Trog
Uskayaw
Vehumet
Wu Jian
Xom
Zin
The Shining One

Annotations:
D:4 Dowan


Innate Abilities, Weirdness & Mutations

You cannot wear most types of armour.
You are amphibious.
You can wear up to eight rings at the same time.
Your skin changes colour to match your surroundings (Stealth+).
Your rubbery body absorbs attacks. (AC +1, EV +1)
((You are camouflaged when in or above water. (Stealth+)))
You have tentacles for arms and can constrict up to eight enemies at once.


Message History

* * * LOW HITPOINT WARNING * * *
Unknown command.
You closely miss the hobgoblin. You grab the hobgoblin.
You constrict the hobgoblin, but do no damage.
The hobgoblin closely misses you.
You hit the hobgoblin. You squeeze the hobgoblin.
You kill the hobgoblin!
Dowan casts a spell.
Dowan blinks!
Casting: Magic Dart (safe; 1% risk of failure)
Confirm with . or Enter, or press ? or * to list all spells.
Aiming: Magic Dart (safe; 1% risk of failure)
Press: ? - help, Shift-Dir - straight line, f - Dowan
Aim: Dowan, wielding a +0 dagger and wearing a +0 robe (lightly wounded, fast, 100% to hit)
The magic dart hits Dowan.
Dowan is moderately wounded.
Dowan gestures wildly while chanting.
Dowan blinks!
Things that are here:
a +0 short sword; a +0 ring mail; the elf corpse of Duvessa You open the door.
You hit Dowan. Your grab misses Dowan. Your squeeze misses Dowan.
Dowan is heavily wounded.
Dowan gestures wildly while chanting.
Dowan blinks!
Casting: Magic Dart (safe; 1% risk of failure)
Confirm with . or Enter, or press ? or * to list all spells.
Aiming: Magic Dart (safe; 1% risk of failure)
Press: ? - help, Shift-Dir - straight line, f/p - Dowan
Aim: Dowan, wielding a +0 dagger and wearing a +0 robe (heavily wounded, fast, 100% to hit)
The magic dart hits Dowan.
Dowan is heavily wounded.
Dowan hits you with a +0 dagger.
* * * LOW HITPOINT WARNING * * *
You hit Dowan but do no damage. Your grab misses Dowan.
Dowan is heavily wounded.
Dowan hits you with a +0 dagger.
* * * LOW HITPOINT WARNING * * *
Dowan hits you with a +0 dagger.
You die...

.)...######.#..#..e.#
.......#.##.#......†.
#....#.............
#.<..#......Z...
.........##..........
......#####'###......
...... #.....#..$...
..... #.⌠.⌠.#...#.
....# +..>e@'...#
.... #.⌠.⌠.#..#..#
.#. #.....# .#
###+### .. .. .. .


You could see Dowan (fast).

Vanquished Creatures
  Duvessa (D:4)
  A jelly (D:3)
  A bullfrog skeleton (D:4)
  An orc wizard (D:4)
  2 adders
  A worm (D:2)
  A dart slug (D:2)
  6 orcs
  5 endoplasms
  5 giant cockroaches
  4 goblins
  8 hobgoblins
  A quokka (D:2)
  5 ball pythons
  6 bats
  2 frilled lizards
  6 kobolds
  8 rats
64 creatures vanquished.

Notes
Turn   | Place    | Note
-------+----------+-------------------------------------------
     0 | D:1      | Dorkslayer the Octopode Conjurer began the quest for the
                  | Orb.
     0 | D:1      | Reached XP level 1. HP: 11/11 MP: 3/3
   115 | D:1      | Reached XP level 2. HP: 17/17 MP: 3/5
   354 | D:1      | Found a faded altar of an unknown god.
   527 | D:1      | Reached XP level 3. HP: 21/21 MP: 4/6
   588 | D:1      | You fall into a shaft and drop 1 floor!
  1092 | D:2      | Reached skill level 5 in Conjurations
  1111 | D:2      | Learned a level 2 spell: Searing Ray
  1662 | D:3      | Found a hazy altar of Hepliaklqana.
  1663 | D:3      | Found a glowing silver altar of Zin.
  1740 | D:3      | Reached XP level 4. HP: 15/27 MP: 3/7
  2252 | D:3      | Reached skill level 1 in Fighting
  2252 | D:3      | Reached skill level 1 in Shields
  2683 | D:4      | Reached XP level 5. HP: 30/33 MP: 8/8
  2689 | D:4      | Reached skill level 1 in Long Blades
  2700 | D:4      | Noticed Dowan
  2705 | D:4      | Found a staircase to the Ecumenical Temple.
  2706 | D:4      | Noticed Duvessa
  2711 | Temple   | Entered the Ecumenical Temple
  2804 | D:4      | Killed Duvessa
  2805 | D:4      | Reached XP level 6. HP: 22/39 MP: 0/10
  2820 | D:4      | Slain by Dowan

Illustrated notes

Levels and vault maps discovered:
D:1:      saegor_arrival_simple_d, layout_rooms,
          hellmonk_ecumenical_altar_zigzags
D:2:      layout_basic, corexii_item_surrounded_by_moat, minivault_11
D:3:      layout_basic, amethyst_overflow_temple_binary, st_stairs_14,
          grunt_ministairs_2, chequers_serial_rivers_micro_d
D:4:      layout_cave_pools, minmay_temple_entry_hall, portal_sewer_entry_d,
          kennysheep_generic_room_9, uniq_ijyb, uniq_duvessa
Temple:   dshaligram_water_room_temple

Skill      XL: |  1  2  3  4  5 |
---------------+----------------+-----
Conjurations   | 5 |  5.3
Fighting       | 1 |  1.7
Stealth        | 3 |  3.4
Shields        | 1 |  1.7
Long Blades    | 1 |  1.3
Spellcasting   | 3 |  3.1
Short Blades   | |  0.2
Dodging        | |  2.4

Action                   |  1- 3 |  4- 6 || total
-------------------------+-------+-------++-------
Melee: Short sword       |    22 |       ||    22
       Constrict         |     8 |     9 ||    17
       Tentacles         |     5 |     7 ||    12
       Falchion          |    15 |    47 ||    62
       Punch             |       |     1 ||     1
 Cast: Magic Dart        |    53 |    34 ||    87
       Searing Ray       |       |     2 ||     2
  Use: Potion            |       |     7 ||     7
       Scroll            |       |     5 ||     5
 Stab: Sleeping          |     3 |       ||     3
Armor: Skin              |    13 |    76 ||    89
Dodge: Dodged            |    10 |    17 ||    27
Block: Buckler           |     2 |    14 ||    16
